 Dungeon Crawl Stone Soup version 0.29-a0-266-gf56f883ddd (webtiles) character file.

Game seed: 15858935143413159085

4255 fragbeetle the Chopper (level 10, -3/64 HPs)
             Began as a Djinni Conjurer on Mar 6, 2022.
             Was a Believer of Hepliaklqana.
             Slain by an enormous slime creature (46 damage)
             ... on level 8 of the Dungeon.
             The game lasted 00:21:36 (8514 turns).

fragbeetle the Chopper (Djinni Conjurer)            Turns: 8514, Time: 00:21:36

Health: -3/64      AC: 10    Str: 12    XL:     10   Next: 56%
Gold:   101        EV: 11    Int: 20    God:    Hepliaklqana [**....] SH:  3 Dex: 12

rFire   + + .      SeeInvis .   b - +1 hand axe (venom)
rCold   x . .      Faith    .   l - +0 buckler
rNeg    . . .      Spirit   .   F - +0 steam dragon scales
rPois   ∞          Reflect  .   c - +2 helmet
rElec   .          Harm     .   a - +0 cloak
rCorr   +          Rampage  .   (no gloves)
Will    ++...                   (boots unavailable)
Stlth   ++........              A - amulet of regeneration
HPRegen 1.00/turn               y - ring "Koff" {+Blink rPois Will+ rCorr Str+2}
MPRegen 0.00/turn               (no ring)

@: flying
A: reduced essence, sickness immunity, fire resistance 2, cold vulnerability 1,
float, innate caster, HP casting, extra vitality 1
a: Renounce Religion, Evoke Blink, Recall Ancestor, Ancestor Identity


You were on level 8 of the Dungeon.
You worshipped Hepliaklqana.
Hepliaklqana was pleased with you.
You visited 2 branches of the dungeon, and saw 9 of its levels.

You collected 250 gold pieces.
You spent 149 gold pieces at shops.

Inventory:

Hand Weapons
 b - a +1 hand axe of venom (weapon)
 q - a +1 mace of protection
 s - a +1 vorpal broad axe
 E - a +4 flail
 L - a +0 hand crossbow
Missiles
 w - 18 poisoned darts
Armour
 a - a +0 cloak (worn)
 c - a +2 helmet (worn)
 g - a +0 chain mail of cold resistance
 l - a +0 buckler (worn)
 F - +0 steam dragon scales (worn)
Magical Staves
 n - a staff of poison
 x - a staff of fire
Jewellery
 y - the ring "Koff" (left hand) {+Blink rPois Will+ rCorr Str+2}
   (You found it on level 4 of the Dungeon)

   [ring of poison resistance]

   Str:       It affects your strength (+2).
   rPois:     It protects you from poison.
   +Blink:    It lets you blink.
   rCorr:     It protects you from acid and corrosion.
   Will:      It increases your willpower.
 A - an amulet of regeneration (around neck)
 K - a ring of see invisible
Wands
 i - a wand of mindburst (10)
 o - a wand of charming (7)
Scrolls
 h - a scroll of fog
 r - a scroll of magic mapping
 t - 4 scrolls of teleportation
 v - 2 scrolls of silence {unknown}
 z - 2 scrolls of enchant armour {unknown}
 B - a scroll of enchant weapon {unknown}
 D - a scroll of brand weapon
 G - a scroll of torment {unknown}
 H - a scroll of immolation
Potions
 d - 5 potions of curing
 e - a potion of magic {unknown}
 f - a potion of might {unknown}
 j - a potion of resistance {unknown}
 k - 4 potions of heal wounds
 m - 2 potions of haste
 p - 3 potions of brilliance
 u - a potion of attraction {unknown}
 C - a potion of lignification {unknown}
 I - a potion of cancellation {unknown}


   Skills:
 - Level 6.0 Fighting
 + Level 7.7 Axes
 - Level 5.0 Armour
 - Level 2.1 Dodging
 - Level 1.5 Stealth
 - Level 7.0 Spellcasting


You had one spell level left.
You knew the following spells:

 Your Spells              Type           Power      Damage    Failure   Level
a - Magic Dart            Conj           100%       1d8       1%          1
b - Searing Ray           Conj           70%        2d7       1%          2
c - Dazzling Flash        Conj/Hex       70%        N/A       1%          3
d - Fulminant Prism       Conj/Hex       17%        3d11      7%          4
e - Iskenderun's Mystic   Conj/Tloc      35%        2d8       7%          4
f - Slow                  Hex            100%       N/A       1%          1
g - Static Discharge      Conj/Air       35%        N/A       1%          2
h - Wereblood             Tmut           35%        N/A       1%          2
i - Summon Guardian Gole  Hex/Summ       35%        N/A       1%          3
Your spell library was empty.

Dungeon Overview and Level Annotations

Branches:
Dungeon (8/15)             Temple (1/1) D:6
   Lair: D:8-11

Altars:
Ashenzari
Cheibriados
Dithmenos
Elyvilon
Fedhas
Gozag
Hepliaklqana
Kikubaaqudgha
Makhleb
Nemelex Xobeh
Okawaru
Qazlal
Ru
Sif Muna
Trog
Uskayaw
Vehumet
Wu Jian
Xom
Yredelemnul
Zin
The Shining One

Shops:
D:7 ?

Portals:
Abyss: D:8

Annotations:
D:8 2 transporters, Cecur's ghost, novice FoFi


Innate Abilities, Weirdness & Mutations

Your life essence is reduced to manifest your ancestor. (-10% HP)
You are immune to sickness and miasma.
You are immune to poison.
Your flesh is very heat resistant. (rF++)
You are vulnerable to cold. (rC-)
You float through the air rather than walking.
You learn spells naturally, not from books.
Your magical power is your life essence.
You have superior vitality. (+4 MHP)


Message History

Press: ? - help, Shift-Dir - straight line, f - enormous slime creature
Aim: an enormous slime creature (heavily wounded, ally target, 96% to hit)
The searing ray hits the enormous slime creature!
The enormous slime creature is heavily wounded.
Jeannie avoids your attack. (Press . to maintain the ray.)
The large slime creature closely misses Jeannie.
Your fulminant prism crackles loudly.
Jeannie hits the large slime creature with a +0 flail!
The searing ray hits the enormous slime creature!
The enormous slime creature is severely wounded.
Jeannie avoids your attack.
A large slime creature splits.
Jeannie hits the slime creature with a +0 flail!
Your fulminant prism explodes!
The blast of energy engulfs the enormous slime creature.
The enormous slime creature is severely wounded.
Jeannie avoids your attack.
The blast of energy engulfs the slime creature!!
You kill the slime creature!
The blast of energy engulfs the slime creature!
The slime creature is almost dead.
The searing ray hits the enormous slime creature.
The enormous slime creature is severely wounded.
Jeannie avoids your attack.
The slime creature hits Jeannie.
Jeannie hits the slime creature with a +0 flail!
The slime creature dies!
The enormous slime creature hits you!
Unknown command.
Casting: Searing Ray (safe; 1% risk of failure)
Confirm with . or Enter, or press ? or * to list all spells.
Aiming: Searing Ray (safe; 1% risk of failure)
Press: ? - help, Shift-Dir - straight line, f/p - enormous slime creature
Aim: an enormous slime creature (severely wounded, ally target, 96% to hit)
The searing ray hits the enormous slime creature!
The enormous slime creature is severely wounded.
Jeannie avoids your attack. (Press . to maintain the ray.)
The enormous slime creature hits you!!!
Ouch! That really hurt!
You die...

#........####.....
##........####:....
#..................
##........###......
##...###.# #......
##########...###.# #......
.................###......
####....................
####......@................
#.........J...###.###......
####..#.....#####.# #......
#..............# #......
#...###R.#####.###......
#...# #.................
#...# #..###............
#...# #..# #.#.###......
#...# #..# #.#.# #......


You could see the friendly Jeannie the knight and an enormous slime creature
(ally target).

Vanquished Creatures
  2 hornets (D:8)
  A slime creature (D:8)
  A wyvern (D:8)
  2 steam dragons (D:6)
  4 orc warriors
  A black bear (D:6)
  A sky beast (D:8)
  2 ogres
  2 bullfrogs
  2 necrophages
  5 scorpions
  3 howler monkeys
  3 hounds
  8 orc priests
  4 iguanas
  5 orc wizards
  8 adders
  5 gnolls (D:6)
  2 white imps (D:5)
  2 ufetubi (D:5)
  2 worms
  A dart slug (D:3)
  26 orcs
  6 endoplasms
  5 giant cockroaches
  9 goblins
  7 hobgoblins
  6 jackals
  4 quokkas
  4 ball pythons
  2 bats
  4 frilled lizards
  3 kobolds
  2 rats
144 creatures vanquished.

Vanquished Creatures (collateral kills)
  A two-headed ogre (D:8)
  Maggie (D:7)
  A slime creature (D:8)
  An orc (D:8)
4 creatures vanquished.

Vanquished Creatures (others)
  A jelly (D:7)
  A gnoll shaman (D:6)
  An ancestor (D:8)
  15 fulminant prisms
  18 plants (D:3)
36 creatures vanquished.

Grand Total: 184 creatures vanquished

Notes
Turn   | Place    | Note
-------+----------+-------------------------------------------
     0 | D:1      | fragbeetle the Djinni Conjurer began the quest for the Orb.
     0 | D:1      | Reached XP level 1. HP: 15/15 MP: 0/0
   266 | D:1      | Reached skill level 1 in Fighting
   266 | D:1      | Reached XP level 2. HP: 20/22 MP: 0/0
  1073 | D:2      | Reached XP level 3. HP: 24/27 MP: 0/0
  1073 | D:2      | Learned a level 1 spell: Slow
  2337 | D:3      | Reached XP level 4. HP: 31/33 MP: 0/0
  2697 | D:3      | Reached XP level 5. HP: 36/40 MP: 0/0
  2697 | D:3      | Learned a level 2 spell: Static Discharge
  3550 | D:4      | Identified the ring "Koff" {+Blink rPois Will+ rCorr Str+2}
  3622 | D:4      | Reached XP level 6. HP: 22/47 MP: 0/0
  3986 | D:4      | Found a glowing golden altar of the Shining One.
  4520 | D:5      | Entered Level 5 of the Dungeon
  4566 | D:5      | Reached XP level 7. HP: 35/53 MP: 0/0
  4566 | D:5      | Learned a level 2 spell: Wereblood
  4816 | D:5      | Reached skill level 5 in Spellcasting
  4882 | D:5      | Reached skill level 5 in Fighting
  5078 | D:5      | Reached XP level 8. HP: 43/59 MP: 0/0
  5412 | D:6      | Reached skill level 1 in Armour
  5696 | D:6      | Found a staircase to the Ecumenical Temple.
  5706 | Temple   | Entered the Ecumenical Temple
  6054 | Temple   | Became a worshipper of Hepliaklqana the Forgotten
  6150 | D:6      | Reached skill level 5 in Armour
  6287 | D:6      | Reached XP level 9. HP: 52/65 MP: 0/0
  6287 | D:6      | Learned a level 3 spell: Summon Guardian Golem
  7060 | D:7      | Noticed Maggie
  7150 | D:7      | Reached skill level 1 in Axes
  7262 | D:7      | Found Fitopsab's Magic Scroll Shoppe.
  7275 | D:7      | Bought a scroll of identify for 30 gold pieces
  7275 | D:7      | Bought a scroll of magic mapping for 52 gold pieces
  7275 | D:7      | Bought a scroll of noise for 15 gold pieces
  7275 | D:7      | Bought a scroll of immolation for 52 gold pieces
  7444 | D:7      | Reached * piety under Hepliaklqana
  7479 | D:7      | Killed Maggie
  7962 | D:8      | Found a one-way gate to the infinite horrors of the Abyss.
  7962 | D:8      | Noticed Cecur's ghost (novice FoFi)
  7991 | D:8      | Noticed a hornet
  7997 | D:8      | Killed a hornet
  7998 | D:8      | Reached skill level 5 in Axes
  7998 | D:8      | Reached XP level 10. HP: 60/64 MP: 0/0
  8035 | D:8      | Noticed a smoke demon
  8046 | D:8      | Found a transporter.
  8047 | D:8      | Found a transporter.
  8099 | D:8      | Reached ** piety under Hepliaklqana
  8100 | D:8      | Remembered your ancestor Jeannie as a knight
  8186 | D:8      | Noticed a two-headed ogre
  8194 | D:8      | Killed a two-headed ogre
  8514 | D:8      | Slain by an enormous slime creature

Illustrated notes

Levels and vault maps discovered:
D:1:      heliophobic_arrival_ceremonial_halls, layout_loops_ring,
          minmay_shallow_snake_nest
D:2:      layout_basic
D:3:      layout_loops_ring, serial_bayou_ford_a,
          hangedman_abyss_or_decor_lesser_grid, grunt_ministairs_11
D:4:      dreamdust_elfheim, layout_loops_ring,
          mainiacjoe_overflow_small_starburst
D:5:      layout_cave_pools
D:6:      layout_basic, minmay_temple_entry_ruins
D:7:      layout_gridville, serial_shops, nicolae_square_shop, uniq_maggie
D:8:      layout_basic, gammafunk_ghost_abyssal_escape
Temple:   mainiacjoe_temple_circle_huts

Skill      XL: |  1  2  3  4  5  6  7  8  9 10 |
---------------+-------------------------------+-----
Fighting       | 1 2 3 4 5 6 |  6.0
Spellcasting   | 4 5 6 7 |  7.0
Armour         | 5 |  5.0
Axes           | 5 7 |  7.7
Dodging        | |  2.1
Stealth        | |  1.5

Action                   |  1- 3 |  4- 6 |  7- 9 | 10-12 || total
-------------------------+-------+-------+-------+-------++-------
Melee: Hand axe          |     4 |     2 |    32 |       ||    38
 Cast: Magic Dart        |    61 |    65 |    44 |    11 ||   181
       Searing Ray       |     4 |    16 |    41 |     9 ||    70
       Iskenderun's Myst |       |       |     2 |       ||     2
       Slow              |       |       |     7 |     2 ||     9
       Fulminant Prism   |       |       |     5 |    10 ||    15
       Summon Guardian G |       |       |     3 |       ||     3
       Static Discharge  |       |       |     2 |       ||     2
       Dazzling Flash    |       |       |     1 |       ||     1
Invok: Recall Ancestor   |       |       |       |     1 ||     1
       Ancestor Life: Kn |       |       |       |     1 ||     1
       Ancestor Identity |       |       |       |     1 ||     1
Evoke: Wand              |       |       |     2 |       ||     2
  Use: Scroll            |       |       |     8 |     1 ||     9
 Stab: Sleeping          |       |       |     1 |       ||     1
Armor: Robe              |     5 |     8 |     6 |       ||    19
       Steam dragon scal |       |       |    26 |       ||    26
Dodge: Dodged            |     7 |    10 |    42 |       ||    59
Block: Buckler           |       |     1 |    15 |       ||    16

Table legend: (Time is in decaauts)
 A = Elapsed time spent in this place.
 B = Non-inter-level travel time spent in this place.
 C = Inter-level travel time spent in this place.
 D = Time resting spent in this place.
 E = Time spent auto-exploring this place.
 F = Levels seen in this place.
 G = Mean time per level.
                   A        B        C        D        E       F      G
               +--------+--------+--------+--------+--------+-----+--------+
         Total |   8526 |   8236 |    290 |    657 |   6285 |   9 |  947.3 |
       Dungeon |   8161 |   7887 |    274 |    657 |   6004 |   8 | 1020.1 |
        Temple |    365 |    349 |     16 |      0 |    281 |   1 |  365.0 |
               +--------+--------+--------+--------+--------+-----+--------+

Top non-repeatable levels by time:
     D:3: 1450 daAuts
     D:6: 1324 daAuts
     D:4: 1120 daAuts
     D:1: 1060 daAuts
     D:2: 1012 daAuts
     D:5: 760 daAuts
     D:7: 746 daAuts
     D:8: 686 daAuts
  Temple: 365 daAuts
